TOP OF THE 1ST |
Dallas-Fort Worth Rangers batting - Pitching for Arkansas Travelers : LHP Curt Young
|
Pitching: LHP Curt Young
|
|
Batting: RHB Phil Bradley
|
0-0: Fly out, F4 (Line Drive, 4, EV 61.9 MPH)
|
Batting: LHB Stan Levi
|
0-0: Foul Ball, location: 2F 0-1: Swinging Strike 0-2: Ground out 4-3 (Groundball, 4M, EV 83.1 MPH)
|
Batting: RHB Terry Lee
|
0-0: Called Strike 0-1: Ground out U3 (Groundball, 34, EV 83.1 MPH)
|
Top of the 1st over - 0 runs, 0 hits, 0 errors, 0 left on base; Dallas-Fort Worth 0 - Arkansas 0 |
BOTTOM OF THE 1ST |
Arkansas Travelers batting - Pitching for Dallas-Fort Worth Rangers : RHP Billy Hawley
|
Pitching: RHP Billy Hawley
|
|
Batting: RHB Nehames Bernstine
|
0-0: Foul Ball, location: 2F 0-1: Called Strike 0-2: Ball 1-2: Ball 2-2: Ball 3-2: Foul Ball, location: 2F 3-2: Foul Ball, location: 2F 3-2: SINGLE (Flyball, 7LS, EV 88.8 MPH)
|
Batting: RHB Denny Gonzalez
|
0-0: Called Strike 0-1: Foul Ball, location: 2F 0-2: Ball 1-2: Fly out, F7 (Flyball, 7LM, EV 78.8 MPH)
|
Batting: LHB Dave Magadan
|
0-0: Ball 1-0: SINGLE (Line Drive, 78S, EV 105.0 MPH) Nehames Bernstine to second
|
Batting: RHB Kevin Seitzer
|
0-0: Ball Nehames Bernstine steals 3rd base (no throw) Dave Magadan to second 1-0: Foul Ball, location: 2F 1-1: Foul Ball, location: 2F 1-2: SINGLE (Groundball, 56, EV 106.3 MPH) (infield hit) Nehames Bernstine scores Dave Magadan to third
|
Batting: SHB Bobby Bonilla
|
0-0: Called Strike 0-1: Ball 1-1: Ball 2-1: Ball 3-1: Called Strike 3-2: Strikes out swinging Kevin Seitzer steals 2nd base Batter strikes out.
|
Batting: LHB Jesus Marinez
|
0-0: Fly out, F4 (Popup, 23, EV 84.4 MPH)
|
Bottom of the 1st over - 1 run, 3 hits, 0 errors, 2 left on base; Dallas-Fort Worth 0 - Arkansas 1 |
TOP OF THE 2ND |
Dallas-Fort Worth Rangers batting - Pitching for Arkansas Travelers : LHP Curt Young
|
Batting: RHB Dave Aponte
|
0-0: Ball 1-0: Called Strike 1-1: Ball 2-1: Foul Ball, location: 2F 2-2: Ground out 5-3 (Groundball, 5, EV 80.6 MPH)
|
Batting: LHB Mo Ching
|
0-0: Ball 1-0: Called Strike 1-1: Swinging Strike 1-2: Strikes out swinging
|
Batting: RHB Jesse Plummer
|
0-0: Ball 1-0: Ball 2-0: Ground out 4-3 (Groundball, 4MD, EV 105.6 MPH)
|
Top of the 2nd over - 0 runs, 0 hits, 0 errors, 0 left on base; Dallas-Fort Worth 0 - Arkansas 1 |
BOTTOM OF THE 2ND |
Arkansas Travelers batting - Pitching for Dallas-Fort Worth Rangers : RHP Billy Hawley
|
Batting: SHB Bob Meacham
|
0-0: Called Strike 0-1: Ball 1-1: Ground out 6-3 (Groundball, 6M, EV 100.6 MPH)
|
Batting: RHB Rob Deer
|
0-0: Called Strike 0-1: Ball 1-1: Foul Ball, location: 2F 1-2: Ball 2-2: Ball 3-2: Foul Ball, location: 2F 3-2: Fly out, F7 (Line Drive, 7, EV 89.4 MPH)
|
Batting: RHB Alex Duarte
|
0-0: Reached on error, E5 (Groundball, 25, EV 87.5 MPH)
|
Batting: RHB Nehames Bernstine
|
0-0: Called Strike 0-1: Ball 1-1: Ground out 6-3 (Groundball, 56, EV 106.9 MPH)
|
Bottom of the 2nd over - 0 runs, 0 hits, 1 error, 1 left on base; Dallas-Fort Worth 0 - Arkansas 1 |
TOP OF THE 3RD |
Dallas-Fort Worth Rangers batting - Pitching for Arkansas Travelers : LHP Curt Young
|
Batting: RHB Steve Nicosia
|
0-0: Foul Ball, location: 2F 0-1: Fly out, F8 (Flyball, 8LS, EV 90.6 MPH)
|
Batting: LHB Garcia Gutierrez
|
0-0: Foul Ball, location: 2F 0-1: Ball 1-1: Ball 2-1: Ground out 6-3 (Groundball, 6, EV 76.9 MPH)
|
Batting: RHB Ross Jones
|
0-0: Ball 1-0: Ball 2-0: Fly out, F8 (Flyball, 8RS, EV 76.3 MPH)
|
Top of the 3rd over - 0 runs, 0 hits, 0 errors, 0 left on base; Dallas-Fort Worth 0 - Arkansas 1 |
BOTTOM OF THE 3RD |
Arkansas Travelers batting - Pitching for Dallas-Fort Worth Rangers : RHP Billy Hawley
|
Batting: RHB Denny Gonzalez
|
0-0: Called Strike 0-1: Fly out, F8 (Flyball, 8RD, EV 85.6 MPH)
|
Batting: LHB Dave Magadan
|
0-0: Foul Ball, location: 2F 0-1: Ball 1-1: Foul Ball, location: 2F 1-2: Ball 2-2: Ball 3-2: Ground out 4-3 (Groundball, 4, EV 86.3 MPH)
|
Batting: RHB Kevin Seitzer
|
0-0: Foul Ball, location: 2F 0-1: Foul Ball, location: 2F 0-2: DOUBLE (Line Drive, 89D, EV 113.8 MPH)
|
Batting: SHB Bobby Bonilla
|
0-0: Foul Ball, location: 2F 0-1: Called Strike 0-2: Ball 1-2: Ground out 4-3 (Groundball, 34D, EV 105.0 MPH)
|
Bottom of the 3rd over - 0 runs, 1 hit, 0 errors, 1 left on base; Dallas-Fort Worth 0 - Arkansas 1 |
TOP OF THE 4TH |
Dallas-Fort Worth Rangers batting - Pitching for Arkansas Travelers : LHP Curt Young
|
Batting: RHB Phil Bradley
|
0-0: Ball 1-0: Called Strike 1-1: Ball 2-1: Called Strike 2-2: Foul Ball, location: 2F 2-2: SINGLE (Popup, 3S, EV 86.9 MPH)
|
Batting: LHB Stan Levi
|
0-0: Ball 1-0: Ball 2-0: Ball 3-0: Base on Balls Phil Bradley to second
|
Batting: RHB Terry Lee
|
0-0: Swinging Strike 0-1: Foul Ball, location: 2F 0-2: Ball 1-2: SINGLE (Groundball, 4D, EV 94.4 MPH) Phil Bradley to third Stan Levi to second Runner from 3rd tries for Home, SAFE, throw by RF to home
|
Pitching: RHP Donald Brazell
|
|
Batting: RHB Dave Aponte
|
0-0: Ball 1-0: Foul Ball, location: 2F 1-1: Ball 2-1: Ball 3-1: Fly out, F8 (Line Drive, 8LM, EV 110.0 MPH)
|
Batting: LHB Mo Ching
|
0-0: Ball 1-0: Called Strike 1-1: Ball 2-1: Foul Ball, location: 2F 2-2: Strikes out swinging
|
Batting: RHB Jesse Plummer
|
0-0: Called Strike 0-1: Ball 1-1: Foul Ball, location: 2F 1-2: Ball 2-2: 3-RUN HOME RUN (Flyball, 7LD, EV 105.6 MPH), Distance : 340 ft
|
Batting: RHB Steve Nicosia
|
0-0: SINGLE (Groundball, 25, EV 66.3 MPH) (infield hit)
|
Batting: LHB Garcia Gutierrez
|
0-0: Ball 1-0: Ball 2-0: Called Strike 2-1: Ball 3-1: Ground out 1-3 (Groundball, 13S, EV 71.9 MPH)
|
Top of the 4th over - 4 runs, 4 hits, 0 errors, 1 left on base; Dallas-Fort Worth 4 - Arkansas 1 |
BOTTOM OF THE 4TH |
Arkansas Travelers batting - Pitching for Dallas-Fort Worth Rangers : RHP Billy Hawley
|
Batting: LHB Jesus Marinez
|
0-0: Called Strike 0-1: Called Strike 0-2: Ball 1-2: Ground out 5-3 (Groundball, 56S, EV 90.6 MPH)
|
Batting: SHB Bob Meacham
|
0-0: Called Strike 0-1: Swinging Strike 0-2: Strikes out swinging
|
Batting: RHB Rob Deer
|
0-0: SINGLE (Flyball, 78S, EV 86.3 MPH)
|
Batting: RHB Alex Duarte
|
0-0: Fly out, F8 (Flyball, 78D, EV 77.5 MPH)
|
Bottom of the 4th over - 0 runs, 1 hit, 0 errors, 1 left on base; Dallas-Fort Worth 4 - Arkansas 1 |
TOP OF THE 5TH |
Dallas-Fort Worth Rangers batting - Pitching for Arkansas Travelers : RHP Donald Brazell
|
Batting: RHB Ross Jones
|
0-0: Ball 1-0: Fly out, F6 (Line Drive, 6, EV 77.5 MPH)
|
Batting: RHB Phil Bradley
|
0-0: Ball 1-0: Fly out, F8 (Flyball, 8RD, EV 98.1 MPH)
|
Batting: LHB Stan Levi
|
0-0: Ball 1-0: Ball 2-0: Ball 3-0: Base on Balls
|
Batting: RHB Terry Lee
|
0-0: Ball 1-0: Called Strike 1-1: Swinging Strike 1-2: Ball 2-2: Foul Ball, location: 2F 2-2: Ball 3-2: Strikes out looking
|
Top of the 5th over - 0 runs, 0 hits, 0 errors, 1 left on base; Dallas-Fort Worth 4 - Arkansas 1 |
BOTTOM OF THE 5TH |
Arkansas Travelers batting - Pitching for Dallas-Fort Worth Rangers : RHP Billy Hawley
|
Batting: RHB Nehames Bernstine
|
0-0: Called Strike 0-1: SINGLE (Line Drive, 56, EV 96.3 MPH)
|
Batting: RHB Denny Gonzalez
|
0-0: Ball 1-0: Ball 2-0: Ball 3-0: Called Strike 3-1: Called Strike 3-2: Fly out, F8 (Flyball, 8RD, EV 99.4 MPH)
|
Batting: LHB Dave Magadan
|
0-0: Called Strike 0-1: Called Strike 0-2: Ball 1-2: Foul Ball, location: 2F 1-2: Foul Ball, location: 2F 1-2: Foul Ball, location: 2F 1-2: Ball 2-2: Ball 3-2: Fly out, F9 (Flyball, 89D, EV 89.4 MPH)
|
Batting: RHB Kevin Seitzer
|
0-0: Ball 1-0: Ball 2-0: Called Strike 2-1: Ground out 2-3 (Groundball, 13S, EV 62.5 MPH)
|
Bottom of the 5th over - 0 runs, 1 hit, 0 errors, 1 left on base; Dallas-Fort Worth 4 - Arkansas 1 |
TOP OF THE 6TH |
Dallas-Fort Worth Rangers batting - Pitching for Arkansas Travelers : RHP Donald Brazell
|
Batting: RHB Dave Aponte
|
0-0: Ball 1-0: Called Strike 1-1: Ball 2-1: Foul Ball, location: 2F 2-2: SINGLE (Line Drive, 9S, EV 88.1 MPH)
|
Pitching: RHP Edgardo Santana
|
|
Batting: LHB Mo Ching
|
0-0: Called Strike 0-1: Ball 1-1: Foul Ball, location: 2F 1-2: Strikes out swinging
|
Batting: RHB Jesse Plummer
|
0-0: Ball 1-0: Called Strike 1-1: Ball 2-1: Ball 3-1: Base on Balls Dave Aponte to second
|
Batting: RHB Steve Nicosia
|
0-0: Ball 1-0: SINGLE (Flyball, 3D, EV 89.4 MPH) Dave Aponte to third Jesse Plummer to second
|
Batting: LHB Garcia Gutierrez
|
0-0: Called Strike 0-1: Ball 1-1: Called Strike 1-2: Ball 2-2: SINGLE (Groundball, 4M, EV 110.6 MPH) Dave Aponte scores Jesse Plummer to third Steve Nicosia to second Runner from 3rd tries for Home, SAFE, throw by CF to home
|
Batting: RHB Ross Jones
|
0-0: Ball 1-0: Ball 2-0: Called Strike 2-1: Swinging Strike 2-2: Strikes out swinging
|
Batting: RHB Phil Bradley
|
0-0: Ball 1-0: Fielders Choice at 2nd, 5-4 (Groundball, 5, EV 80.0 MPH)
|
Top of the 6th over - 2 runs, 3 hits, 0 errors, 2 left on base; Dallas-Fort Worth 6 - Arkansas 1 |
BOTTOM OF THE 6TH |
Arkansas Travelers batting - Pitching for Dallas-Fort Worth Rangers : RHP Billy Hawley
|
Batting: SHB Bobby Bonilla
|
0-0: Ball 1-0: Swinging Strike 1-1: Called Strike 1-2: Foul Ball, location: 2F 1-2: Foul Ball, location: 2F 1-2: Strikes out swinging, 2-3 out at first.
|
Batting: LHB Jesus Marinez
|
0-0: Called Strike 0-1: Called Strike 0-2: Ball 1-2: Foul Ball, location: 2F 1-2: Ball 2-2: Ground out U3 (Groundball, 3, EV 86.3 MPH)
|
Batting: SHB Bob Meacham
|
0-0: Ball 1-0: SINGLE (Line Drive, 78S, EV 100.0 MPH)
|
Batting: RHB Rob Deer
|
0-0: Ball Bob Meacham steals 2nd base 1-0: Fly out, F8 (Flyball, 8LS, EV 88.1 MPH)
|
Bottom of the 6th over - 0 runs, 1 hit, 0 errors, 1 left on base; Dallas-Fort Worth 6 - Arkansas 1 |
TOP OF THE 7TH |
Dallas-Fort Worth Rangers batting - Pitching for Arkansas Travelers : RHP Edgardo Santana
|
Batting: LHB Stan Levi
|
0-0: Ball 1-0: Called Strike 1-1: Swinging Strike 1-2: Foul Ball, location: 2F 1-2: Ball 2-2: Ball 3-2: Foul Ball, location: 2F 3-2: Base on Balls
|
Batting: RHB Terry Lee
|
0-0: Ball 1-0: Called Strike 1-1: Hit by Pitch Stan Levi to second
|
Batting: RHB Dave Aponte
|
0-0: Foul Ball, location: 2F 0-1: Ball Stan Levi is caught stealing 3rd base 2-5 1-1: Fly out, F3 (Popup, 34S, EV 80.6 MPH)
|
Batting: LHB Mo Ching
|
0-0: Foul Ball, location: 2F 0-1: Ball 1-1: Called Strike Terry Lee steals 2nd base (no throw) 1-2: Foul Ball, location: 2F 1-2: Ball 2-2: Foul Ball, location: 2F 2-2: Foul Ball, location: 2F 2-2: Foul Ball, location: 2F 2-2: Ball 3-2: Base on Balls
|
Pitching: LHP Kevin Joyce
|
|
Batting: RHB Jesse Plummer
|
0-0: Called Strike 0-1: Ball 1-1: Fly out, F9 (Line Drive, 9D, EV 87.5 MPH)
|
Top of the 7th over - 0 runs, 0 hits, 0 errors, 2 left on base; Dallas-Fort Worth 6 - Arkansas 1 |
BOTTOM OF THE 7TH |
Arkansas Travelers batting - Pitching for Dallas-Fort Worth Rangers : RHP Billy Hawley
|
Batting: RHB Alex Duarte
|
0-0: Called Strike 0-1: Ball 1-1: Ground out 1-3 (Groundball, P, EV 65.0 MPH)
|
Batting: RHB Nehames Bernstine
|
0-0: SINGLE (Flyball, 89S, EV 90.6 MPH)
|
Batting: RHB Denny Gonzalez
|
0-0: Called Strike Nehames Bernstine steals 2nd base 0-1: Ball 1-1: Fly out, F9 (Flyball, 89S, EV 83.8 MPH)
|
Batting: LHB Dave Magadan
|
0-0: Ball 1-0: Foul Ball, location: 2F 1-1: Ball 2-1: Ball 3-1: Base on Balls
|
Batting: RHB Kevin Seitzer
|
0-0: Ball 1-0: Called Strike 1-1: Ball 2-1: Ground out 4-3 (Groundball, 4, EV 93.8 MPH)
|
Bottom of the 7th over - 0 runs, 1 hit, 0 errors, 2 left on base; Dallas-Fort Worth 6 - Arkansas 1 |
TOP OF THE 8TH |
Dallas-Fort Worth Rangers batting - Pitching for Arkansas Travelers : LHP Kevin Joyce
|
Batting: RHB Steve Nicosia
|
0-0: Foul Ball, location: 2F 0-1: Fly out, F7 (Line Drive, 7S, EV 97.5 MPH)
|
Batting: LHB Garcia Gutierrez
|
0-0: Swinging Strike 0-1: Swinging Strike 0-2: Strikes out looking
|
Batting: RHB Ross Jones
|
0-0: Called Strike 0-1: Ball 1-1: Called Strike 1-2: Ball 2-2: Ball 3-2: Strikes out swinging
|
Top of the 8th over - 0 runs, 0 hits, 0 errors, 0 left on base; Dallas-Fort Worth 6 - Arkansas 1 |
BOTTOM OF THE 8TH |
Arkansas Travelers batting - Pitching for Dallas-Fort Worth Rangers : RHP Billy Hawley
|
Batting: SHB Bobby Bonilla
|
0-0: Ball 1-0: Ball 2-0: Called Strike 2-1: Ground out 6-3 (Groundball, 6M, EV 93.1 MPH)
|
Batting: LHB Jesus Marinez
|
0-0: Called Strike 0-1: Ball 1-1: Hit by Pitch
|
Batting: SHB Bob Meacham
|
0-0: Reached on error, E6 (Groundball, 6, EV 96.3 MPH) Jesus Marinez to second
|
Batting: RHB Rob Deer
|
0-0: Ball 1-0: Called Strike 1-1: Called Strike 1-2: Foul Ball, location: 2F 1-2: Ball 2-2: Foul Ball, location: 2F 2-2: Ball 3-2: Fly out, F8 (Flyball, 8RD, EV 80.6 MPH)
|
Pitching: RHP Randy McGilberry
|
|
Batting: RHB Alex Duarte
|
0-0: Ball 1-0: Foul Ball, location: 2F 1-1: Fly out, F8 (Flyball, 8LD, EV 91.3 MPH)
|
Bottom of the 8th over - 0 runs, 0 hits, 1 error, 2 left on base; Dallas-Fort Worth 6 - Arkansas 1 |
TOP OF THE 9TH |
Dallas-Fort Worth Rangers batting - Pitching for Arkansas Travelers : LHP Kevin Joyce
|
Pitching: LHP Claude Brodeur
|
|
Batting: RHB Phil Bradley
|
0-0: Called Strike 0-1: Called Strike 0-2: Ball 1-2: Hit by Pitch
|
Batting: LHB Stan Levi
|
0-0: Ball 1-0: Ball 2-0: Called Strike 2-1: Ball 3-1: Foul Ball, location: 2F 3-2: Fielders Choice at 2nd, 4-6 (Groundball, 4, EV 86.9 MPH)
|
Batting: RHB Terry Lee
|
0-0: Swinging Strike 0-1: Ball 1-1: Ball 2-1: 2-RUN HOME RUN (Flyball, 7D, EV 98.8 MPH), Distance : 370 ft
|
Batting: RHB Dave Aponte
|
0-0: Foul Ball, location: 2F 0-1: Ball 1-1: DOUBLE (Line Drive, 89D, EV 102.5 MPH)
|
Batting: LHB Mo Ching
|
0-0: Called Strike 0-1: Foul Ball, location: 2F 0-2: Strikes out swinging
|
Batting: RHB Jesse Plummer
|
0-0: Swinging Strike Passed Ball! Dave Aponte to third 0-1: Foul Ball, location: 2F 0-2: Ball 1-2: Ball 2-2: Foul Ball, location: 2F 2-2: Ball 3-2: Base on Balls
|
Batting: RHB Steve Nicosia
|
0-0: Ball 1-0: Called Strike 1-1: Called Strike 1-2: Strikes out looking
|
Top of the 9th over - 2 runs, 2 hits, 0 errors, 2 left on base; Dallas-Fort Worth 8 - Arkansas 1 |
BOTTOM OF THE 9TH |
Arkansas Travelers batting - Pitching for Dallas-Fort Worth Rangers : RHP Randy McGilberry
|
Batting: RHB Nehames Bernstine
|
0-0: SINGLE (Line Drive, 78S, EV 105.0 MPH)
|
Batting: RHB Denny Gonzalez
|
0-0: Fielders Choice at 2nd, 3-6 (Groundball, 3, EV 76.3 MPH)
|
Batting: LHB Dave Magadan
|
0-0: Ball 1-0: Fly out, F3 (Line Drive, 3, EV 73.1 MPH)
|
Batting: RHB Kevin Seitzer
|
0-0: Called Strike 0-1: Foul Ball, location: 2F 0-2: Foul Ball, location: 2F 0-2: Ball 1-2: Fly out, F8 (Flyball, 78S, EV 91.9 MPH)
|
Bottom of the 9th over - 0 runs, 1 hit, 0 errors, 1 left on base; Dallas-Fort Worth 8 - Arkansas 1 |
|